 Dungeon Crawl Stone Soup version 0.31-a0-180-g519b7de00c (webtiles) character file.

Game seed: 5055302600743137084

364 qw the Shooter (level 6, 0/57 HPs)
             Began as a Naga Hunter on June 19, 2023.
             Slain by Grinder (5 damage)
             ... on level 5 of the Dungeon.
             The game lasted 00:01:04 (2839 turns).

qw the Shooter (Naga Hunter)                        Turns: 2839, Time: 00:01:04

Health: 0/57       AC:  4    Str: 13    XL:     6   Next: 67%
Magic:  6/6        EV:  9    Int:  9    God:
Gold:   208        SH:  0    Dex: 17    Spells: 5/5 levels left

rFire   . . .        g - +0 shortbow (heavy)
rCold   . . .        (shield currently unavailable)
rNeg    . . .        c - +0 leather armour
rPois   +            (no helmet)
rElec   .            (no cloak)
rCorr   .            d - +0 pair of gloves
SInv    +            (no barding)
Will    .....        (no amulet)
Stlth   ++           (no ring)
HPRegen 0.29/turn    (no ring)
MPRegen 0.10/turn

%: no passive effects
@: short of breath, very slow
A: AC +2, large, see invisible, deformed body, poison resistance, slowness 2,
spit poison 1, naga tail 1
a: Spit Poison


You were on level 5 of the Dungeon.
You visited 1 branch of the dungeon, and saw 5 of its levels.

You collected 230 gold pieces.
You spent 22 gold pieces at shops.


Innate Abilities, Weirdness & Mutations

Your serpentine skin is tough. (AC +2)
You have supernaturally acute eyesight. (SInv)
Armour fits poorly on your strangely shaped body.
Your system is resistant to poisons. (rPois)
You cover ground very slowly.
You can spit poison.
You have a snake-like lower body.


   Skills:
 - Level 4.0 Fighting
 - Level 6.2 Ranged Weapons
 + Level 1.5 Dodging
 - Level 1.5 Stealth


You had 5 spell levels left.
You didn't know any spells.
Your spell library was empty.

Inventory:

Hand Weapons
 g - a +0 heavy shortbow (weapon)
Armour
 c - a +0 leather armour (worn)
 d - a +0 pair of gloves (worn)
Scrolls
 a - a scroll of identify
Potions
 b - a potion of mutation {unknown}
 e - a potion of cancellation {unknown}
 f - a potion of might {unknown}
 h - a potion of invisibility {unknown}
 i - a potion of brilliance {unknown}
 j - a potion of heal wounds {unknown}

Dungeon Overview and Level Annotations

Branches:
Dungeon (5/15)
 Temple: D:4-7

Altars:
Ru
Uskayaw
Wu Jian
Xom
Zin

Shops:
D:2 *

Annotations:
D:5 Grinder


Message History

You struggle to resist.
An orc comes into view. It is wielding a +2 heavy mace.
You shoot an arrow. The arrow hits Grinder!
Grinder is heavily wounded.
You have got your breath back.
Grinder blinks!
2832 ||| INVOKING Spit Poison.
Aiming: Spit Poison (1% risk of failure)
Press: ? - help, Shift-Dir - straight line, f - hound The splash of poison hits the hound but does no damage.
The hound is poisoned.
The hound bites you.
You shoot an arrow. The arrow misses the hound.
The hound barely misses you. The hound bites you.
You shoot an arrow. The arrow hits the hound!
The hound is almost dead.
The hound bites you. The hound barely misses you. The orc closely misses you.
The hound barely misses you.
You shoot an arrow. The arrow misses the hound.
The hound closely misses you. The hound bites you but does no damage.
The orc hits you with a +2 heavy mace!
You shoot an arrow. The arrow barely misses the hound.
You have got your breath back.
The hound looks more healthy.
The hound bites you. The hound barely misses you.
The orc hits you with a +2 heavy mace.
2837 ||| INVOKING Spit Poison.
Aiming: Spit Poison (1% risk of failure)
Press: ? - help, Shift-Dir - straight line, f/p - hound The splash of poison hits the hound but does no damage.
The hound is poisoned.
The hound is almost dead.
You kill the hound!
Your Fighting skill increases to level 4!
You shoot an arrow. The arrow hits Grinder.
Grinder is severely wounded.
Grinder hits you. The orc hits you with a +2 heavy mace!
Grinder closely misses you.
You shoot an arrow. The arrow closely misses Grinder.
Grinder hits you.
You die...

.. ........ ..
...# .. ...#####
#. ......# #.
......#
#.###.....#
#o5.'.....#
##@##.....#
#)#......#
#)#.#######
..#.......########
#########.#.......
#....####.##.#####
#.##...##.........
#.####.######.####
#.# #..........#


You could see Grinder and an orc.

Vanquished Creatures
  A scorpion (D:4)
  2 hounds
  An orc priest (D:5)
  Natasha (D:3)
  2 sleepcaps
  4 gnolls (D:4)
  2 adders
  A worm (D:4)
  3 dart slugs
  An orc (D:5)
  8 endoplasms
  2 giant cockroaches
  8 goblins
  5 hobgoblins
  2 jackals (D:1)
  4 quokkas
  10 ball pythons
  4 bats
  7 frilled lizards
  8 kobolds
  10 rats
86 creatures vanquished.

Notes
Turn   | Place    | Note
-------+----------+-------------------------------------------
     0 | D:1      | qw the Naga Hunter began the quest for the Orb.
     0 | D:1      | Reached XP level 1. HP: 19/19 MP: 1/1
     0 | D:1      | 0 ||| qw: Version: 0.3-a-7-ge0c9b40
     0 | D:1      | 0 ||| qw: Game counter: 988
     0 | D:1      | 0 ||| qw: Always use a shield: true
     0 | D:1      | 0 ||| qw: God list: Okawaru
     0 | D:1      | 0 ||| qw: Allow faded altars: false
     0 | D:1      | 0 ||| qw: Do Orc after D:15 true
     0 | D:1      | 0 ||| qw: Do second Lair branch before Depths: true
     0 | D:1      | 0 ||| qw: Lair rune preference: random
     0 | D:1      | 0 ||| qw: Plans: Normal
     0 | D:1      | 0 ||| PLANNING D:1-11
     5 | D:1      | 5 ||| INVOKING Spit Poison.
    66 | D:1      | 66 ||| INVOKING Spit Poison.
    88 | D:1      | 88 ||| INVOKING Spit Poison.
    96 | D:1      | 96 ||| INVOKING Spit Poison.
   112 | D:1      | 112 ||| INVOKING Spit Poison.
   113 | D:1      | Reached skill level 4 in Ranged Weapons
   113 | D:1      | Reached XP level 2. HP: 26/26 MP: 2/2
   131 | D:1      | 131 ||| INVOKING Spit Poison.
   140 | D:1      | 140 ||| INVOKING Spit Poison.
   189 | D:1      | 189 ||| INVOKING Spit Poison.
   195 | D:1      | 195 ||| INVOKING Spit Poison.
   198 | D:1      | 198 ||| INVOKING Spit Poison.
   206 | D:1      | 206 ||| INVOKING Spit Poison.
   212 | D:1      | 212 ||| INVOKING Spit Poison.
   288 | D:1      | 288 ||| INVOKING Spit Poison.
   324 | D:1      | 324 ||| INVOKING Spit Poison.
   396 | D:1      | 396 ||| INVOKING Spit Poison.
   397 | D:1      | Reached XP level 3. HP: 32/32 MP: 3/3
   401 | D:1      | 401 ||| INVOKING Spit Poison.
   406 | D:1      | 406 ||| INVOKING Spit Poison.
   411 | D:1      | 411 ||| INVOKING Spit Poison.
   418 | D:1      | 418 ||| INVOKING Spit Poison.
   423 | D:1      | 423 ||| INVOKING Spit Poison.
   427 | D:1      | 427 ||| INVOKING Spit Poison.
   430 | D:1      | 430 ||| INVOKING Spit Poison.
   433 | D:1      | 433 ||| INVOKING Spit Poison.
   458 | D:1      | 458 ||| INVOKING Spit Poison.
   549 | D:1      | Found a faded altar of an unknown god.
   549 | D:1      | Noticed a shining eye
   556 | D:1      | Noticed a floating eye
   556 | D:1      | Noticed a shining eye
   556 | D:1      | Noticed an eye of devastation
   569 | D:1      | 569 ||| READING scroll labelled ARECEY MIFUSOK.
   570 | D:1      | 570 ||| READING scroll labelled WAASHO ESMOYGH.
   571 | D:1      | 571 ||| READING scroll labelled WICVIQ VUTIMA.
   572 | D:1      | 572 ||| READING scroll labelled JESAORCH GUTWOMM.
   573 | D:1      | 573 ||| DRINKING 2 lumpy yellow potions.
   574 | D:1      | 574 ||| DROPPING scroll of butterflies.
   575 | D:1      | 575 ||| DROPPING potion of magic.
   599 | D:2      | 599 ||| INVOKING Spit Poison.
   601 | D:2      | Found an ornate altar of the Wu Jian Council.
   603 | D:2      | 603 ||| INVOKING Spit Poison.
   625 | D:2      | 625 ||| INVOKING Spit Poison.
   695 | D:2      | 695 ||| INVOKING Spit Poison.
   699 | D:2      | 699 ||| INVOKING Spit Poison.
   715 | D:2      | 715 ||| INVOKING Spit Poison.
   726 | D:2      | 726 ||| INVOKING Spit Poison.
   743 | D:2      | Found Xaxumi's General Store.
   753 | D:2      | 753 ||| SHOPLISTING +2 ring mail of fire resistance (231
                  | gold, have 59).
   753 | D:2      | 753 ||| SHOPLISTING scroll of enchant armour (82 gold, have
                  | 59).
   753 | D:2      | 753 ||| BUYING scroll of identify (22 gold).
   753 | D:2      | Bought a scroll of identify for 22 gold pieces
   795 | D:2      | 795 ||| INVOKING Spit Poison.
   798 | D:2      | 798 ||| INVOKING Spit Poison.
   803 | D:2      | 803 ||| INVOKING Spit Poison.
   892 | D:2      | 892 ||| INVOKING Spit Poison.
   896 | D:2      | Reached skill level 5 in Ranged Weapons
   929 | D:2      | 929 ||| INVOKING Spit Poison.
   932 | D:2      | Reached XP level 4. HP: 39/39 MP: 4/4
   983 | D:2      | 983 ||| INVOKING Spit Poison.
  1001 | D:2      | 1001 ||| INVOKING Spit Poison.
  1006 | D:2      | 1006 ||| INVOKING Spit Poison.
  1010 | D:2      | 1010 ||| INVOKING Spit Poison.
  1013 | D:2      | 1013 ||| INVOKING Spit Poison.
  1113 | D:2      | 1113 ||| INVOKING Spit Poison.
  1130 | D:2      | 1130 ||| INVOKING Spit Poison.
  1303 | D:2      | 1303 ||| UPGRADING to +0 pair of gloves.
  1308 | D:2      | 1308 ||| READING scroll labelled YFACKI INUR.
  1309 | D:2      | 1309 ||| READING scroll labelled BIUFUSA BAELI.
  1354 | D:3      | 1354 ||| INVOKING Spit Poison.
  1623 | D:3      | Noticed Natasha
  1624 | D:3      | 1624 ||| INVOKING Spit Poison.
  1625 | D:3      | Killed Natasha
  1626 | D:3      | Reached skill level 3 in Fighting
  1638 | D:3      | 1638 ||| INVOKING Spit Poison.
  1833 | D:3      | 1833 ||| INVOKING Spit Poison.
  1938 | D:3      | 1938 ||| READING scroll labelled NIGAELIFFA.
  1939 | D:3      | 1939 ||| READING scroll labelled ACEUMA WAZIWI.
  2060 | D:4      | Reached XP level 5. HP: 49/49 MP: 5/5
  2065 | D:4      | 2065 ||| INVOKING Spit Poison.
  2069 | D:4      | 2069 ||| INVOKING Spit Poison.
  2073 | D:4      | 2073 ||| INVOKING Spit Poison.
  2074 | D:4      | 2074 ||| FLEEEEING.
  2075 | D:4      | 2075 ||| FLEEEEING.
  2076 | D:4      | 2076 ||| FLEEEEING.
  2077 | D:4      | 2077 ||| FLEEEEING.
  2078 | D:4      | 2078 ||| FLEEEEING.
  2079 | D:4      | 2079 ||| FLEEEEING.
  2080 | D:4      | 2080 ||| FLEEEEING.
  2081 | D:4      | 2081 ||| FLEEEEING.
  2082 | D:4      | 2082 ||| FLEEEEING.
  2083 | D:4      | 2083 ||| FLEEEEING.
  2088 | D:4      | 2088 ||| FLEEEEING.
  2089 | D:4      | 2089 ||| FLEEEEING.
  2090 | D:4      | 2090 ||| FLEEEEING.
  2091 | D:4      | 2091 ||| FLEEEEING.
  2092 | D:4      | 2092 ||| FLEEEEING.
  2156 | D:4      | 2156 ||| READING 2 scrolls labelled FYUL KUJEPLYR.
  2157 | D:4      | 2157 ||| DROPPING scroll of poison.
  2159 | D:4      | 2159 ||| INVOKING Spit Poison.
  2167 | D:4      | 2167 ||| STAIRDANCE
  2168 | D:3      | Found a hide-covered altar of Uskayaw.
  2168 | D:3      | Found a sacrificial altar of Ru.
  2219 | D:4      | 2219 ||| INVOKING Spit Poison.
  2220 | D:4      | 2220 ||| INVOKING Spit Poison.
  2231 | D:4      | Noticed an angel
  2233 | D:4      | Found a glowing silver altar of Zin.
  2233 | D:4      | Found a shimmering altar of Xom.
  2460 | D:4      | Reached XP level 6. HP: 56/56 MP: 6/6
  2505 | D:4      | 2505 ||| INVOKING Spit Poison.
  2508 | D:4      | Reached skill level 6 in Ranged Weapons
  2778 | D:5      | Entered Level 5 of the Dungeon
  2821 | D:5      | 2821 ||| INVOKING Spit Poison.
  2821 | D:5      | Noticed Grinder
  2827 | D:5      | 2827 ||| INVOKING Spit Poison.
  2832 | D:5      | 2832 ||| INVOKING Spit Poison.
  2837 | D:5      | 2837 ||| INVOKING Spit Poison.
  2838 | D:5      | HP: 13/57 [Grinder (5)]
  2838 | D:5      | HP: 5/57 [orc/+2 heavy mace (8)]
  2839 | D:5      | Slain by Grinder

Levels and vault maps discovered:
D:1:      amcnicky_arrival_single_pillar, layout_basic,
          hellmonk_ecumenical_altar_watching_god, hangedman_feature_mirror,
          minmay_hexomino_p4
D:2:      layout_loops_ring, serial_shops, nicolae_shop_just_a_little_nook,
          basic_altar, hangedman_decor_peaks_small
D:3:      layout_loops_cross, nicolae_overflow_hidden_temple, uniq_natasha
D:4:      layout_cave_pods, grunt_temple_overflow_order_and_chaos_1,
          serial_column_ruins, column_ruins_columns_T,
          column_ruins_open_small_water, column_ruins_grid_1,
          column_ruins_columns_straight, column_ruins_open_small,
          column_ruins_open_small, minmay_strange_pillars
D:5:      cheibrodos_iron_armory, layout_basic,
          mainiacjoe_overflow_catch_the_wave, mainiacjoe_overflow_boulevard,
          nicolae_stop_n_shop_1, uniq_grinder

Skill      XL: |  1  2  3  4  5  6 |
---------------+-------------------+-----
Ranged Weapons | 4 5 6 |  6.2
Fighting       | 3 4 |  4.0
Dodging        | |  1.5
Stealth        | |  1.5

Action                     |  1- 3 |  4- 6 || total
---------------------------+-------+-------++-------
   Fire: Shortbow          |    91 |    58 ||   149
Ability: Spit Poison       |    36 |    21 ||    57
    Use: Scroll            |     4 |     5 ||     9
         Potion            |     1 |       ||     1
 Armour: Leather armour    |     5 |     3 ||     8
  Dodge: Dodged            |    22 |    18 ||    40

Table legend:
 A = Non-vault XP
 B = Vault XP
 C = Vault XP percentage of total XP
 D = Non-vault monster count
 E = Vault monster count
 F = Vault count percentage of total count
                 A         B        C        D         E       F
            +---------+---------+-------+---------+---------+-------
      Total |     470 |      51 |   9.8 |      76 |      10 |  11.6
            +---------+---------+-------+---------+---------+-------
        D:1 |      46 |      15 |  24.6 |      29 |       9 |  23.7
        D:2 |      39 |       0 |   0.0 |      20 |       0 |   0.0
        D:3 |      21 |      36 |  63.2 |       6 |       1 |  14.3
        D:4 |     241 |       0 |   0.0 |      17 |       0 |   0.0
        D:5 |     123 |       0 |   0.0 |       4 |       0 |   0.0
            +---------+---------+-------+---------+---------+-------
